 Dungeon Crawl Stone Soup version 0.29.1 (webtiles) character file.

Game seed: 9567739398597664990

1209 MisterFreud the Covert (level 8, -1/67 HPs)
             Began as a Gnoll Delver on Sept 14, 2022.
             Was a Believer of Okawaru.
             Slain by an iguana (7 damage)
             ... on level 5 of the Dungeon.
             The game lasted 00:08:03 (6406 turns).

MisterFreud the Covert (Gnoll Delver)               Turns: 6406, Time: 00:08:03

Health: -1/67      AC: 11    Str: 12    XL:     8   Next: 45%
Magic:  12/13      EV: 11    Int: 11    God:    Okawaru [**....]
Gold:   322        SH:  0    Dex: 14    Spells: 13/13 levels left

rFire   . . .      SeeInvis .   e - +3 rapier (vamp)
rCold   . . .      Faith    .   (no shield)
rNeg    . . .      Spirit   .   i - +1 scale mail {rPois}
rPois   +          Reflect  .   (no helmet)
rElec   .          Harm     .   s - +0 cloak
rCorr   .          Rampage  .   (no gloves)
Will    .....      Rage     3%  u - +1 pair of boots
Stlth   +++.......              (no amulet)
HPRegen 0.21/turn               (no ring)
MPRegen 0.13/turn               (no ring)

@: no status effects
A: fangs 1, strong nose, distributed training, berserk 1
a: Renounce Religion, Heroism


You were on level 5 of the Dungeon.
You worshipped Okawaru.
Okawaru was pleased with you.
You visited 1 branch of the dungeon, and saw 7 of its levels.

You collected 322 gold pieces.

Inventory:

Hand Weapons
 e - a +3 vampiric rapier (weapon)
 w - a +3 short sword of protection
Missiles
 l - 6 boomerangs (quivered)
 m - 3 silver boomerangs
 n - 6 silver javelins
 p - 12 poisoned darts
Armour
 b - a +0 leather armour
 i - a +1 scale mail of poison resistance (worn)
 j - a +0 pair of boots
 s - a +0 cloak (worn)
 u - a +1 pair of boots (worn)
Wands
 g - a wand of digging (3)
Scrolls
 c - a scroll of fog
 d - 2 scrolls of magic mapping
 r - 3 scrolls of teleportation
Potions
 a - a potion of brilliance {unknown}
 f - 2 potions of haste
 h - 2 potions of berserk rage {unknown}
 k - 2 potions of attraction
 o - 2 potions of curing {unknown}
 q - 2 potions of heal wounds
 t - 4 potions of lignification
 v - 2 potions of cancellation {unknown}
 x - a potion of degeneration {unknown}


   Skills:
 + Level 7.4 Fighting
 + Level 5.8 Short Blades
 + Level 3.4 Long Blades
 + Level 3.4 Axes
 + Level 3.4 Maces & Flails
 + Level 3.4 Polearms
 + Level 3.4 Staves
 + Level 3.4 Ranged Weapons
 + Level 3.4 Throwing
 + Level 3.4 Armour
 + Level 5.8 Dodging
 + Level 10.2 Stealth
 + Level 3.4 Shields
 + Level 3.4 Unarmed Combat
 + Level 3.4 Spellcasting
 + Level 2.8 Conjurations
 + Level 2.8 Hexes
 + Level 2.8 Summonings
 + Level 2.8 Necromancy
 + Level 2.8 Translocations
 + Level 2.8 Transmutations
 + Level 2.8 Fire Magic
 + Level 2.8 Ice Magic
 + Level 2.8 Air Magic
 + Level 2.8 Earth Magic
 + Level 2.8 Poison Magic
 + Level 3.7 Invocations
 + Level 3.4 Evocations


You had 13 spell levels left.
You didn't know any spells.
Your spell library contained the following spells:

 Spells                   Type           Power      Damage    Failure   Level
 Iskenderun's Battlesphe  Conj           8%         2d6       100%        5
 Iron Shot                Conj/Erth      4%         9d2       100%        6
 Spellforged Servitor     Conj/Summ      Unusable   N/A       N/A         7

Dungeon Overview and Level Annotations

Branches:
Dungeon (7/15)             Temple (0/1) D:4

Altars:
Kikubaaqudgha
Okawaru
Ru


Innate Abilities, Weirdness & Mutations

You have very sharp teeth.
Your uncanny sense of smell can sniff out nearby items.
Your experience applies equally to all skills.
You sometimes lose your temper in combat.


Message History

You barely miss the water moccasin.
The water moccasin is moderately wounded.
You feel sick. The iguana barely misses you.
The water moccasin bites you but does no damage.
You puncture the water moccasin!
You feel better.
Your bite misses the water moccasin.
The water moccasin is heavily wounded.
You feel sick. The water moccasin bites you. The iguana bites you.
You puncture the water moccasin! You bite the water moccasin.
The water moccasin is almost dead.
You feel sick. The water moccasin misses you. The iguana completely misses you.
You hit the water moccasin.
You kill the water moccasin!
Okawaru accepts your kill.
You feel sick. The iguana closely misses you.
You feel sick. The iguana bites you.
You see here a water moccasin corpse.
You hit the iguana.
You feel better.
The iguana is lightly wounded.
The iguana bites you.
You closely miss the iguana.
The iguana is lightly wounded.
You feel sick. The iguana bites you.
* * * LOW HITPOINT WARNING * * *
You hit the iguana.
The iguana is heavily wounded.
You feel sick. The iguana closely misses you.
You barely miss the iguana.
The iguana is heavily wounded.
You feel sick.
You closely miss the iguana. You bite the iguana.
The iguana is heavily wounded.
You feel sick.
You are no longer poisoned.
The iguana bites you!
* * * LOW HITPOINT WARNING * * *
You hit the iguana but do no damage.
The iguana is heavily wounded.
The iguana bites you!
You die...

#........)..........#.#
#.....................###
#...............[.......#
.........................#
#..[....#.###...#........#
##...>.#####.###........#
#....#................##
#...##.l............##
#..@............#
#..............##
#..........>......#
#....#.##.........##
...###. ........### ..
#............ .
#..#......... #. .........


You could see an iguana.

Vanquished Creatures
  A water moccasin (D:5)
  2 ogres
  2 phantoms
  2 bullfrogs
  A gnoll sergeant (D:3)
  6 hounds
  A jelly (D:4)
  2 orc wizards (D:6)
  4 iguanas
  8 gnolls
  6 adders
  An ufetubus (D:6)
  3 worms (D:4)
  12 orcs
  4 bats
  3 endoplasms
  4 giant cockroaches
  5 goblins
  7 hobgoblins
  4 kobolds
  2 quokkas (D:2)
  8 ball pythons
  A frilled lizard (D:2)
  6 rats
95 creatures vanquished.

Notes
Turn   | Place    | Note
-------+----------+-------------------------------------------
     0 | D:5      | Reached skill level 9 in Stealth
     0 | D:5      | MisterFreud the Gnoll Delver began the quest for the Orb.
     0 | D:5      | Reached XP level 1. HP: 23/23 MP: 1/1
     1 | D:6      | Noticed a bullfrog
   270 | D:6      | Reached XP level 2. HP: 25/29 MP: 2/2
   405 | D:6      | Reached skill level 1 in Invocations
   405 | D:6      | Reached XP level 3. HP: 11/35 MP: 2/4
   626 | D:6      | Noticed an ogre
   630 | D:6      | Killed an ogre
   631 | D:6      | Reached skill level 1 in Long Blades
   631 | D:6      | Reached skill level 1 in Axes
   631 | D:6      | Reached skill level 1 in Maces & Flails
   631 | D:6      | Reached skill level 1 in Polearms
   631 | D:6      | Reached skill level 1 in Staves
   631 | D:6      | Reached skill level 1 in Ranged Weapons
   631 | D:6      | Reached skill level 1 in Throwing
   631 | D:6      | Reached skill level 1 in Armour
   631 | D:6      | Reached skill level 1 in Shields
   631 | D:6      | Reached skill level 1 in Unarmed Combat
   631 | D:6      | Reached skill level 1 in Spellcasting
   631 | D:6      | Reached skill level 1 in Conjurations
   631 | D:6      | Reached skill level 1 in Hexes
   631 | D:6      | Reached skill level 1 in Summonings
   631 | D:6      | Reached skill level 1 in Necromancy
   631 | D:6      | Reached skill level 1 in Translocations
   631 | D:6      | Reached skill level 1 in Transmutations
   631 | D:6      | Reached skill level 1 in Fire Magic
   631 | D:6      | Reached skill level 1 in Ice Magic
   631 | D:6      | Reached skill level 1 in Air Magic
   631 | D:6      | Reached skill level 1 in Earth Magic
   631 | D:6      | Reached skill level 1 in Poison Magic
   631 | D:6      | Reached skill level 1 in Evocations
   631 | D:6      | Reached XP level 4. HP: 41/41 MP: 4/6
   631 | D:6      | Reached XP level 5. HP: 47/47 MP: 4/7
   971 | D:6      | Reached XP level 6. HP: 32/53 MP: 8/8
  1012 | D:6      | Reached skill level 5 in Short Blades
  1012 | D:6      | Reached skill level 5 in Dodging
  1787 | D:6      | Gained mutation: You sometimes lose your temper in combat.
                  | [potion of mutation]
  2155 | D:4      | Reached XP level 7. HP: 43/60 MP: 10/10
  3277 | D:1      | Found a faded altar of an unknown god.
  3585 | D:1      | Prayed at the altar of an unknown god.
  3585 | D:1      | Became a worshipper of Warmaster Okawaru
  3585 | D:1      | Reached * piety under Okawaru
  3724 | D:2      | Identified the +1 spear "Afunop" {freeze, *Noise MP+9
                  | Str+6}
  3751 | D:2      | Identified a scroll of acquirement
  3751 | D:2      | Acquired a +3 vampiric rapier
  4461 | D:3      | Found a sacrificial altar of Ru.
  4604 | D:3      | Found the +3 woodcutter's axe {vorpal}
  5032 | D:4      | Found an ancient bone altar of Kikubaaqudgha.
  5229 | D:3      | Reached skill level 10 in Stealth
  5896 | D:4      | Found a staircase to the Ecumenical Temple.
  5923 | D:4      | Reached ** piety under Okawaru
  6099 | D:5      | Reached XP level 8. HP: 67/67 MP: 12/12
  6406 | D:5      | Slain by an iguana

Illustrated notes

Levels and vault maps discovered:
D:1:      lemuel_arrival_hallway, layout_loops_cross,
          ebering_ecumenical_altar_sacrificial, minmay_door_square
D:2:      layout_basic, hex_tiny, kennysheep_generic_room_16
D:3:      layout_basic, mainiacjoe_overflow_concentric_impassable,
          pf_guarded_unrand_woodcutter
D:4:      layout_loops_ring, old_standard_altar, minmay_temple_entry_junction_2
D:5:      layout_cave_pools, mainiacjoe_overflow_tiny_flanked
D:6:      layout_cave_pods, st_stairs_13
D:7:      layout_loops_ring

Skill      XL: |  1  2  3  4  5  6  7 |
---------------+----------------------+-----
Stealth        | 10 | 10.2
Invocations    | 1 2 3 |  3.7
Long Blades    | 1 2 3 |  3.4
Axes           | 1 2 3 |  3.4
Maces & Flails | 1 2 3 |  3.4
Polearms       | 1 2 3 |  3.4
Staves         | 1 2 3 |  3.4
Ranged Weapons | 1 2 3 |  3.4
Throwing       | 1 2 3 |  3.4
Armour         | 1 2 3 |  3.4
Shields        | 1 2 3 |  3.4
Unarmed Combat | 1 2 3 |  3.4
Spellcasting   | 1 2 3 |  3.4
Conjurations   | 1 2 |  2.8
Hexes          | 1 2 |  2.8
Summonings     | 1 2 |  2.8
Necromancy     | 1 2 |  2.8
Translocations | 1 2 |  2.8
Transmutations | 1 2 |  2.8
Fire Magic     | 1 2 |  2.8
Ice Magic      | 1 2 |  2.8
Air Magic      | 1 2 |  2.8
Earth Magic    | 1 2 |  2.8
Poison Magic   | 1 2 |  2.8
Evocations     | 1 2 3 |  3.4
Short Blades   | 5 |  5.8
Dodging        | 5 |  5.8
Fighting       | 7 |  7.4

Action                   |  1- 3 |  4- 6 |  7- 9 || total
-------------------------+-------+-------+-------++-------
Melee: Short sword       |    30 |   178 |    76 ||   284
       Bite              |     4 |    18 |    36 ||    58
       Punch             |       |     5 |     5 ||    10
       Rapier            |       |       |   188 ||   188
Invok: Heroism           |       |       |     1 ||     1
  Use: Scroll            |     1 |     3 |     9 ||    13
       Potion            |       |     1 |       ||     1
 Stab: Sleeping          |     2 |     2 |    17 ||    21
       Distracted        |       |       |     1 ||     1
Armor: Leather armour    |     6 |       |       ||     6
       Scale mail        |       |    68 |    97 ||   165
Dodge: Dodged            |    29 |    68 |   123 ||   220
